 Dungeon Crawl Stone Soup version 0.29.0-15-g675c0067aa (webtiles) character file.

Game seed: 11873333303974659530

57 smilodon the Trooper (level 3, -3/29 HPs)
             Began as a Demonspawn Fighter on Sept 10, 2022.
             Was a Believer of Nemelex Xobeh.
             Killed from afar by Natasha (8 damage)
             ... with a magic dart
             ... on level 2 of the Dungeon on Sept 11, 2022.
             The game lasted 00:03:43 (2393 turns).

smilodon the Trooper (Demonspawn Fighter)           Turns: 2393, Time: 00:03:45

Health: -3/29      AC:  3    Str: 16 (18) XL:     3   Next: 73%
Magic:  4/4        EV: 11    Int:  7 (9)  God:    Nemelex Xobeh [**....]
Gold:   173        SH:  4    Dex: 12 (14) Spells: 2/2 levels left

rFire   . . .      SeeInvis .   a - +0 long sword
rCold   . . .      Faith    .   c - +0 buckler
rNeg    . . .      Spirit   .   e - +0 leather armour
rPois   .          Reflect  .   (no helmet)
rElec   .          Harm     .   (no cloak)
rCorr   .          Rampage  .   (no gloves)
Will    .....                   (no boots)
Stlth   ++........              (no amulet)
HPRegen 0.09/turn               (no ring)
MPRegen 0.09/turn               (no ring)

@: slowed, very slow
A: thin skeletal structure 1
a: Renounce Religion, Draw Escape, Draw Destruction, Draw Summoning


You were on level 2 of the Dungeon.
You worshipped Nemelex Xobeh.
Nemelex Xobeh was pleased with you.
You visited 1 branch of the dungeon, and saw 2 of its levels.

You collected 173 gold pieces.

Inventory:

Hand Weapons
 a - a +0 long sword (weapon)
Missiles
 k - 6 poisoned darts (quivered)
Armour
 b - a +0 scale mail
 c - a +0 buckler (worn)
 e - a +0 leather armour (worn)
Jewellery
 i - a ring of wizardry
Scrolls
 h - 2 scrolls of identify
 j - a scroll of amnesia {unknown}
 l - 2 scrolls of enchant weapon {unknown}
 m - a scroll of teleportation {unknown}
Potions
 d - a potion of might
 f - a potion of haste
 g - 2 potions of flight


   Skills:
 + Level 3.2 Fighting
 + Level 2.2 Long Blades
 + Level 3.0 Armour
 * Level 1.2 Dodging
 + Level 3.0 Shields
 * Level 1.6 Invocations


You had 2 spell levels left.
You didn't know any spells.
Your spell library contained the following spells:

 Spells                   Type           Power      Damage    Failure   Level
 Slow                     Hex            0%         N/A       58%         1
 Blink                    Tloc           0%         N/A       75%         2
 Confusing Touch          Hex            0%         N/A       92%         3
 Lesser Beckoning         Tloc           0%         N/A       92%         3
 Vampiric Draining        Necr           0%         2d6       92%         3
 Manifold Assault         Tloc           0%         N/A       100%        5
 Yara's Violent Unravell  Hex/Tmut       0%         3d3       100%        5
 Enfeeble                 Hex            0%         N/A       100%        7


Dungeon Overview and Level Annotations

Branches:
Dungeon (2/15)

Altars:
Nemelex Xobeh

Shops:
D:2 !

Annotations:
D:2 Natasha


Innate Abilities, Weirdness & Mutations

You have a somewhat thin skeletal structure. (Dex +2, Stealth+)


Message History

m - a scroll labelled ONASHIOCUHY
There is an entrance to Bunes's Distillery here.
Unknown command.
You now have 173 gold pieces (gained 16).
Found a stone staircase leading up.
You see here a hobgoblin corpse.
You open the door.
There is an open door here.
You pick up a book of Spatial Translocations and begin reading...
You add the spells Blink, Lesser Beckoning and Manifold Assault to your library.
Natasha, Servant of Life and Death comes into view.
Natasha hisses angrily.
Natasha mumbles some strange words.
There are monsters nearby!
You hit the crimson imp but do no damage.
Natasha drinks a potion.
Natasha seems to grow stronger.
The crimson imp hits you.
You hit the crimson imp.
The crimson imp is lightly wounded.
The crimson imp blinks!
Natasha claws you.
You closely miss Natasha. Natasha claws you. Natasha barely misses you.
You closely miss Natasha.
The crimson imp blinks!
Natasha claws you!
* * * LOW HITPOINT WARNING * * *
The crimson imp hits you but does no damage.
You barely miss Natasha. Natasha barely misses you.
The crimson imp blinks!
You slash Natasha!
Natasha is severely wounded.
Natasha barely misses you. Natasha casts a spell at you.
You feel yourself slow down.
You hit Natasha.
Natasha is almost dead.
The crimson imp disappears in a puff of smoke!
Natasha claws you.
* * * LOW HITPOINT WARNING * * *
Natasha casts a spell at you. The magic dart hits you!
You die...
Your body disappears without a glow.

#............. #.#
#.....####...# #.#
#............# #.#
#.....###..... #.#
#.....# #..... #.#
#.....# #.#... #.#
#.....###.#... #h#
##........#.##
##@#####..........#
#......ยง..........#
#################.#
#....<#.# #.#####.#
#....# .# #....# .#
####....##
#........#.#


You could see Natasha (strong).

Vanquished Creatures
  A jelly (D:2)
  An adder (D:2)
  2 endoplasms (D:1)
  3 goblins
  3 hobgoblins
  A quokka (D:1)
  5 bats
  A frilled lizard (D:2)
  2 kobolds
  A rat (D:2)
20 creatures vanquished.

Notes
Turn   | Place    | Note
-------+----------+-------------------------------------------
     0 | D:1      | smilodon the Demonspawn Fighter began the quest for the
                  | Orb.
     0 | D:1      | Reached XP level 1. HP: 18/18 MP: 1/1
   435 | D:1      | Gained mutation: You have a somewhat thin skeletal
                  | structure. (Dex +2, Stealth+) [demonic ancestry]
   435 | D:1      | Reached XP level 2. HP: 23/24 MP: 2/2
   624 | D:1      | Found a faded altar of an unknown god.
   659 | D:1      | Prayed at the altar of an unknown god.
   659 | D:1      | Became a worshipper of Nemelex Xobeh the Trickster
   659 | D:1      | Reached * piety under Nemelex Xobeh
   803 | D:1      | Received a gift from Nemelex Xobeh
  1370 | D:2      | Noticed Sigmund
  1373 | D:2      | Noticed Sigmund
  1373 | D:2      | Sigmund changed into Sigmund the jelly
  1376 | D:2      | Killed Sigmund the jelly
  1377 | D:2      | Reached skill level 1 in Dodging
  1377 | D:2      | Reached skill level 1 in Invocations
  1377 | D:2      | Reached XP level 3. HP: 25/29 MP: 2/4
  1559 | D:2      | Reached ** piety under Nemelex Xobeh
  1784 | D:2      | Upgraded the game from 0.29.0-13-gc9e81de378 to
                  | 0.29.0-15-g675c0067aa
  2156 | D:2      | Found Bunes's Distillery.
  2385 | D:2      | Noticed Natasha
  2393 | D:2      | Killed from afar by Natasha

Illustrated notes

Levels and vault maps discovered:
D:1:      dpeg_arrival_long_road, layout_basic,
          hellmonk_ecumenical_altar_pennies_from_heaven,
          minmay_misc_feat_plants, hex_tiny
D:2:      layout_basic, serial_shops, nicolae_lakefront_shop, uniq_natasha,
          uniq_sigmund

Skill      XL: |  1  2  3 |
---------------+----------+-----
Long Blades    | 2 |  2.2
Dodging        | 1 |  1.2
Invocations    | 1 |  1.6
Armour         | 3 |  3.0
Shields        | 3 |  3.0
Fighting       | |  3.2

Action                   || total
-------------------------++-------
Melee: Long sword        ||    77
Invok: Draw Destruction  ||     1
  Use: Potion            ||     5
       Scroll            ||     4
Armor: Scale mail        ||    39
       Leather armour    ||     3
Dodge: Dodged            ||    35
Block: Buckler           ||    17
